3297 views
Uploaded 2020-04-24 18:18:39
Game version 1.32.3
13:17 long 2on2 ladder game on (4)TurtleRock
Saved by zebroni
3297 views
Uploaded 2020-04-24 18:18:39
Game version 1.32.3
13:17 long 2on2 ladder game on (4)TurtleRock
55 units @ 8.2k
/ 1k
36 buildings @ 3.6k
/ 1.4k


| Scroll of Town Portal | 1 | 350 |
| total: | 1 | 350g |
| Peasant | 10 | 750 | / | 0 |
| Footman | 3 | 405 | / | 0 |
| Rifleman | 1 | 205 | / | 30 |
| Priest | 4 | 540 | / | 40 |
| Spell Breaker | 8 | 1720 | / | 240 |
| total: | 26 | 3620g | / | 310w |
| Scout Tower | 1 | 30 | / | 20 |
| Arcane Tower | 1 | 70 | / | 50 |
| Altar of Kings | 1 | 180 | / | 50 |
| Farm | 10 | 800 | / | 200 |
| Barracks | 1 | 160 | / | 60 |
| Blacksmith | 1 | 140 | / | 60 |
| Arcane Vault | 1 | 130 | / | 30 |
| Lumber Mill | 1 | 120 | / | 0 |
| Arcane Sanctum | 2 | 300 | / | 280 |
| Keep | 1 | 320 | / | 210 |
| total: | 18 | 1860g | / | 700w |
| 0:02 | Peasant |
| 0:05 | Altar of Kings |
| 0:06 | Peasant |
| 0:18 | Farm |
| 0:20 | Barracks |
| 0:29 | Peasant |
| 0:36 | Peasant |
| 0:48 | Peasant |
| 1:03 | Farm |
| 1:04 | Peasant |
| 1:21 | Footman |
| 1:37 | Footman |
| 1:39 | Peasant |
| 1:51 | Peasant |
| 1:54 | Footman |
| 2:07 | Summon Water Elemental |
| 2:40 | Keep |
| 2:48 | Farm |
| 3:03 | Brilliance Aura |
| 3:26 | Farm |
| 3:28 | Blacksmith |
| 3:58 | Scout Tower |
| 4:06 | Rifleman |
| 4:10 | Arcane Vault |
| 4:32 | Arcane Tower |
| 5:04 | Arcane Sanctum |
| 5:11 | Peasant |
| 5:11 | Peasant |
| 5:12 | Summon Water Elemental |
| 5:19 | Farm |
| 5:55 | Farm |
| 6:11 | Priest Adept Training |
| 6:15 | Lumber Mill |
| 6:32 | Priest |
| 6:54 | Storm Bolt |
| 7:10 | Priest |
| 7:11 | Priest |
| 7:12 | Arcane Sanctum |
| 8:00 | Spell Breaker |
| 8:01 | Spell Breaker |
| 8:04 | Farm |
| 8:05 | Farm |
| 8:19 | Scroll of Town Portal |
| 8:45 | Spell Breaker |
| 8:46 | Priest |
| 9:00 | Spell Breaker |
| 9:00 | Spell Breaker |
| 9:04 | Thunder Clap |
| 9:53 | Spell Breaker |
| 10:02 | Iron Forged Swords |
| 10:11 | Brilliance Aura |
| 10:35 | Farm |
| 10:36 | Spell Breaker |
| 11:14 | Spell Breaker |
| 11:20 | Farm |
| 11:34 | Iron Plating |
| 12:18 | Thunder Clap |
| 13:06 | Brilliance Aura |


| Scroll of Town Portal | 1 | 350 |
| Boots of Speed | 2 | 500 |
| total: | 3 | 850g |
| Peasant | 10 | 750 | / | 0 |
| Rifleman | 16 | 3280 | / | 480 |
| Mortar Team | 3 | 540 | / | 210 |
| total: | 29 | 4570g | / | 690w |
| Scout Tower | 2 | 60 | / | 40 |
| Arcane Tower | 1 | 70 | / | 50 |
| Guard Tower | 1 | 70 | / | 50 |
| Altar of Kings | 1 | 180 | / | 50 |
| Barracks | 1 | 160 | / | 60 |
| Farm | 9 | 720 | / | 180 |
| Blacksmith | 1 | 140 | / | 60 |
| Lumber Mill | 1 | 120 | / | 0 |
| Arcane Vault | 1 | 130 | / | 30 |
| Workshop | 2 | 280 | / | 280 |
| Keep | 2 | 640 | / | 420 |
| total: | 18 | 1790g | / | 700w |
| 0:02 | Peasant |
| 0:03 | Peasant |
| 0:24 | Peasant |
| 0:35 | Altar of Kings |
| 0:36 | Barracks |
| 0:38 | Peasant |
| 0:49 | Farm |
| 0:58 | Peasant |
| 1:12 | Blacksmith |
| 1:13 | Peasant |
| 1:19 | Peasant |
| 1:50 | Farm |
| 2:05 | Farm |
| 2:24 | Rifleman |
| 2:40 | Rifleman |
| 2:52 | Storm Bolt |
| 3:09 | Rifleman |
| 3:16 | Rifleman |
| 3:37 | Peasant |
| 3:37 | Peasant |
| 4:04 | Rifleman |
| 4:15 | Farm |
| 4:18 | Rifleman |
| 4:26 | Bash |
| 4:26 | Bash |
| 4:34 | Scout Tower |
| 4:52 | Lumber Mill |
| 4:54 | Peasant |
| 5:09 | Boots of Speed |
| 5:09 | Boots of Speed |
| 5:27 | Arcane Tower |
| 5:28 | Scout Tower |
| 5:58 | Guard Tower |
| 6:06 | Storm Bolt |
| 6:22 | Keep |
| 6:22 | Keep |
| 6:24 | Rifleman |
| 6:24 | Rifleman |
| 6:25 | Rifleman |
| 6:25 | Rifleman |
| 6:25 | Rifleman |
| 6:59 | Farm |
| 8:01 | Arcane Vault |
| 8:01 | Rifleman |
| 8:03 | Black Gunpowder |
| 8:04 | Studded Leather Armor |
| 8:32 | Rifleman |
| 8:32 | Rifleman |
| 9:04 | Refined Gunpowder |
| 9:07 | Farm |
| 9:08 | Farm |
| 9:19 | Farm |
| 9:54 | Rifleman |
| 9:54 | Rifleman |
| 9:55 | Long Rifles |
| 10:07 | Farm |
| 10:30 | Scroll of Town Portal |
| 11:22 | Workshop |
| 11:23 | Workshop |
| 11:28 | Bash |
| 11:43 | Holy Light |
| 13:01 | Divine Shield |
| 13:01 | Divine Shield |
| 13:15 | Mortar Team |
| 13:16 | Mortar Team |
| 13:16 | Mortar Team |
49 units @ 5.9k
/ 0.3k
25 buildings @ 4.5k
/ 1.6k


| Healing Salve | 5 | 500 |
| Lesser Clarity Potion | 3 | 210 |
| Scroll of Speed | 1 | 50 |
| Dust of Appearance | 1 | 75 |
| Scroll of Healing | 2 | 500 |
| total: | 12 | 1335g |
| Peon | 8 | 600 | / | 0 |
| Grunt | 9 | 1800 | / | 0 |
| Raider | 3 | 540 | / | 120 |
| Shaman | 5 | 650 | / | 100 |
| total: | 25 | 3590g | / | 220w |
| Altar of Storms | 1 | 180 | / | 50 |
| Orc Burrow | 5 | 800 | / | 200 |
| Barracks | 1 | 180 | / | 50 |
| Voodoo Lounge | 1 | 130 | / | 30 |
| War Mill | 1 | 205 | / | 0 |
| Beastiary | 1 | 145 | / | 140 |
| Spirit Lodge | 1 | 150 | / | 150 |
| Stronghold | 1 | 315 | / | 190 |
| total: | 11 | 1790g | / | 620w |
| 0:01 | Peon |
| 0:01 | Peon |
| 0:05 | Altar of Storms |
| 0:18 | Orc Burrow |
| 0:22 | Peon |
| 0:33 | Barracks |
| 0:41 | Peon |
| 0:52 | Peon |
| 1:04 | Peon |
| 1:17 | Peon |
| 1:28 | Orc Burrow |
| 1:34 | Grunt |
| 1:43 | Peon |
| 2:06 | Voodoo Lounge |
| 2:07 | Feral Spirit |
| 2:34 | Stronghold |
| 2:45 | Grunt |
| 3:09 | Orc Burrow |
| 3:33 | Grunt |
| 3:38 | Healing Salve |
| 3:38 | Lesser Clarity Potion |
| 3:38 | Scroll of Speed |
| 4:01 | Grunt |
| 4:23 | Chain Lighting |
| 4:38 | Grunt |
| 5:26 | Dust of Appearance |
| 5:28 | Berserker Strength |
| 5:31 | Beastiary |
| 5:34 | Spirit Lodge |
| 5:40 | Frost Arrows |
| 6:15 | Far Sight |
| 7:28 | Raider |
| 7:28 | Ensnare |
| 7:40 | Orc Burrow |
| 7:41 | War Mill |
| 7:43 | Shaman |
| 7:43 | Shaman |
| 7:43 | Shaman |
| 7:51 | Grunt |
| 7:55 | Healing Salve |
| 7:56 | Lesser Clarity Potion |
| 8:02 | Healing Salve |
| 8:31 | Orc Burrow |
| 8:49 | Forked Lightning |
| 9:05 | Raider |
| 9:06 | Grunt |
| 9:07 | Shaman |
| 9:08 | Shaman Adept Training |
| 10:02 | Grunt |
| 10:02 | Raider |
| 10:05 | Healing Salve |
| 10:06 | Healing Salve |
| 10:13 | Lesser Clarity Potion |
| 10:39 | Shaman |
| 11:22 | Grunt |
| 11:26 | Pillage |
| 11:51 | Scroll of Healing |
| 11:51 | Scroll of Healing |
| 12:38 | Frost Arrows |


| Wisp | 12 | 720 | / | 0 |
| Archer | 12 | 1560 | / | 120 |
| total: | 24 | 2280g | / | 120w |
| Ancient of War | 4 | 600 | / | 240 |
| Moon Well | 6 | 1080 | / | 240 |
| Altar of Elders | 1 | 180 | / | 50 |
| Hunter's Hall | 1 | 210 | / | 100 |
| Tree of Life | 2 | 680 | / | 370 |
| Tree of Ages | 1 | 320 | / | 180 |
| Tree of Eternity | 1 | 330 | / | 200 |
| total: | 14 | 2750g | / | 1000w |
| 0:02 | Wisp |
| 0:13 | Ancient of War |
| 0:16 | Wisp |
| 0:18 | Moon Well |
| 0:20 | Wisp |
| 0:20 | Wisp |
| 0:39 | Wisp |
| 0:47 | Wisp |
| 1:09 | Altar of Elders |
| 1:14 | Archer |
| 1:24 | Wisp |
| 1:35 | Moon Well |
| 2:05 | Wisp |
| 2:06 | Wisp |
| 2:13 | Moon Well |
| 2:35 | Black Arrow |
| 2:49 | Ancient of War |
| 2:50 | Wisp |
| 3:02 | Wisp |
| 3:29 | Archer |
| 3:29 | Archer |
| 3:29 | Archer |
| 3:43 | Archer |
| 3:50 | Tree of Ages |
| 4:16 | Archer |
| 4:40 | Hunter's Hall |
| 5:08 | Archer |
| 5:17 | Moon Well |
| 5:28 | Silence |
| 5:58 | Archer |
| 6:30 | Healing Spray |
| 6:34 | Wisp |
| 6:36 | Ancient of War |
| 6:50 | Strength of the Moon |
| 7:52 | Ancient of War |
| 8:06 | Moon Well |
| 8:07 | Improved Strength of the Moon |
| 8:13 | Moon Well |
| 8:30 | Black Arrow |
| 8:53 | Improved Bows |
| 9:02 | Archer |
| 9:22 | Archer |
| 9:43 | Archer |
| 9:47 | Acid Bomb |
| 9:52 | Archer |
| 10:16 | Tree of Life |
| 11:40 | Tree of Life |
| 11:42 | Tree of Eternity |